 Dungeon Crawl Stone Soup version 0.16-a0-3880-g9314259 (webtiles) character file.

249 timbw the Slasher (level 6, 1/37 (42) HPs)
             Began as an Octopode Fighter on Feb 1, 2015.
             Quit the game on level 4 of the Dungeon.
             The game lasted 00:03:12 (551 turns).

timbw the Slasher (Octopode Fighter)                 Turns: 551, Time: 00:03:12

HP:   1/37 (42)     AC:  1    Str: 16    XL:     6   Next: 12%
MP:   6/6           EV: 11    Int: 10    God:
Gold: 20            SH:  9    Dex: 13    Spells: 0 memorised, 5 levels left

rFire  . . .     SeeInvis .     a - +0 long sword
rCold  . . .     Clarity  .     c - +0 shield
rNeg   . . .     SustAb   .     (helmet restricted)
rPois  .         Gourm    .     (no amulet)
rElec  .         Spirit   .     (no ring)
rCorr  .         Warding  .     (no ring)
rMut   .         Stasis   .     (no ring)
MR     .....                    (no ring)
Stlth  ++........               (no ring)
                                (no ring)
                                (no ring)
                                (no ring)

@: lethally poisoned (1 -> -1), not resistant to hostile enchantments,
unstealthy
A: almost no armour, amphibious, 8 rings, constrict 8, camouflage 1, gelatinous
body 1
a: no special abilities


You were on level 4 of the Dungeon.
You were not hungry.

You visited 1 branch of the dungeon, and saw 4 of its levels.

You collected 20 gold pieces.

Inventory:

Hand weapons
 a - a +0 long sword (weapon)
Armour
 c - a +0 shield (worn)
Scrolls
 b - 2 scrolls of remove curse {unknown}
 f - a scroll of noise {unknown}
 g - a scroll of identify {unknown}
 i - a scroll of magic mapping {unknown}
 k - a scroll of amnesia {unknown}
 l - a scroll of random uselessness {unknown}
 m - a scroll of enchant weapon {unknown}
 n - a scroll of enchant armour {unknown}
Comestibles
 d - 2 bread rations
 j - 5 chunks of flesh


   Skills:
 - Level 3.0 Fighting
 * Level 5.4 Long Blades
 + Level 4.2 Dodging
 - Level 3.0 Shields


You had 5 spell levels left.
You didn't know any spells.

Dungeon Overview and Level Annotations

Branches:
Dungeon (4/15)
 Temple: D:4-7

Altars:


Innate Abilities, Weirdness & Mutations

You cannot wear most types of armour.
You are amphibious.
You can wear up to eight rings at the same time.
You can use your tentacles to constrict many enemies at once.
Your skin changes colour to match your surroundings (Stealth).
Your rubbery body absorbs attacks (AC +1).


Message History

You closely miss the adder. Your grab misses the adder. You squeeze the adder!
The adder is almost dead.
The adder bites you.
* * * LOW HITPOINT WARNING * * *
You are lethally poisoned!
The adder poisons you! You block the adder's attack.
You hit the adder.
You kill the adder!
* * * LOW HITPOINT WARNING * * *
You feel sick.
Drink which item? (? for menu, Esc to quit)
It was a potion of decay.
You feel your flesh rotting away!
* * * LOW HITPOINT WARNING * * *
You feel sick.
You see here a bread ration.
d - 2 bread rations (gained 1)
* * * LOW HITPOINT WARNING * * *
You feel sick.
Are you sure you want to abandon this character and quit the game? (Confirm with "yes".)

######### ##### .......
...# ##.#..# ###)### #
##.....# #.....#
#.#......######.....###
#.....@...()†(.........
#.#......######<....###
##..>..# #.....#
##>#..# ###.### #.#..#
#.# #.#.... ..#
#.##.### .... ......
#### .#...##


There were no monsters in sight!

Vanquished Creatures
  A centaur (D:4)
  An ogre (D:4)
  An orc priest (D:3)
  3 adders
  2 worms
  A giant gecko (D:3)
  3 orcs (D:3)
  A bat (D:2)
  2 giant cockroaches
  3 goblins
  A hobgoblin (D:2)
  A giant gecko skeleton (D:4)
  A giant newt (D:2)
  3 kobolds (D:2)
  2 rats (D:4)
26 creatures vanquished.

Notes
Turn   | Place    | Note
--------------------------------------------------------------
     0 | D:1      | timbw, the Octopode Fighter, began the quest for the Orb.
     0 | D:1      | Reached XP level 1. HP: 16/16 MP: 1/1
   103 | D:2      | Reached XP level 2. HP: 10/21 MP: 2/2
   167 | D:2      | Reached XP level 3. HP: 16/26 MP: 3/3
   362 | D:3      | Reached skill level 4 in Long Blades
   362 | D:3      | Reached XP level 4. HP: 16/31 MP: 4/4
   463 | D:4      | Noticed an ogre
   464 | D:4      | Noticed a centaur
   479 | D:4      | Killed an ogre
   479 | D:4      | Reached XP level 5. HP: 30/36 MP: 5/5
   531 | D:4      | Killed a centaur
   531 | D:4      | Reached skill level 5 in Long Blades
   531 | D:4      | Reached XP level 6. HP: 12/42 MP: 6/6
   550 | D:4      | HP: 1/37 [poisoned by an adder]
   551 | D:4      | Quit the game

Action                   |  1- 3 |  4- 6 || total
-------------------------+-------+-------++-------
Melee: Long sword        |    44 |    19 ||    63
  Use: Potion            |       |     2 ||     2
 Stab: Sleeping          |     2 |       ||     2
